 Dungeon Crawl Stone Soup version 0.31.0-12-g77e489cdc1 (webtiles) character file.

Game seed: 82741491100886611

2515511 dvd2 the Minotaur Barricade (level 27, 262/268 (273) HPs)
             Began as a Minotaur Cinder Acolyte on Feb 26, 2024.
             Was the Champion of Okawaru.
             Escaped with the Orb
             ... and 4 runes!
             The game lasted 04:41:04 (63501 turns).

dvd2 the Minotaur Barricade (MiCA)                 Turns: 63501, Time: 04:41:05

HP:   262/268 (273) AC: 37    Str: 41    XL:     27
MP:   43/43         EV: 17    Int: 20    God:    Okawaru [******]
Gold: 6922          SH: 34    Dex: 14    Spells: 28/28 levels left

rFire   + + +        b - +9 broad axe (vamp)
rCold   + + +        s - +4 tower shield {rF+}
rNeg    . . .        U - +8 ice dragon scales of Vermicelli {rElec rF- rC++ Str+2 SInv}
rPois   +            k - +3 hat of Pondering {ponderous, Will+ MP+10 Int+5}
rElec   +            e - scarf {rC+ rF+}
rCorr   .            K - +0 pair of fencer's gloves {Riposte Dex+3}
SInv    +            Y - +2 pair of boots
Will    +++++        v - amulet "Mohajueg" {Reflect -Cast Fly Will+++ Dex+4 SH+5}
Stlth   +            n - ring of Oroeste {rF+ Str+6}
HPRegen 0.64/turn    g - ring of Hinosy {Fire rPois Str+3 Dex+2}
MPRegen 0.28/turn

%: no spellcasting, reflection
@: flying, lightly drained, slow
A: horns 2, retaliatory headbutt, clever 1, clumsy 1, cold resistance 1,
deterioration 1, high MP 1, persistent drain
0: Orb of Zot
}: 4/15 runes: barnacled, slimy, silver, gossamer
a: Renounce Religion, Heroism, Finesse, Duel


You escaped.
You worshipped Okawaru.
Okawaru was exalted by your worship.
You visited 12 branches of the dungeon, and saw 56 of its levels.
You visited the Abyss 1 time.
You also visited: Bailey, Gauntlet, Ice Cave and Volcano.

You collected 10290 gold pieces.
You spent 3368 gold pieces at shops.

Inventory:

Hand Weapons
 a - a +9 heavy broad axe
 b - a +9 vampiric broad axe (weapon)
 c - a +8 broad axe of flaming
 d - the +1 demon trident of Mana {freeze, Str+5}
   (You found it on level 2 of the Depths)

   Str+5:     It affects your strength (+5).
 y - the +5 flail "Pootted" {venom, rF+ MP+9 Str+4 Int+2}
   (You found it in a Gauntlet)

   Str+4:     It affects your strength (+4).
   Int+2:     It affects your intelligence (+2).
   rF+:       It protects you from fire.
   MP+9:      It affects your magic capacity (+9).
Missiles
 u - 32 poisoned darts
 E - 6 throwing nets
 N - 19 boomerangs
 R - 49 silver javelins (quivered)
 T - 31 javelins
 V - 10 darts of dispersal
 W - 16 curare-tipped darts
 Z - 23 atropa-tipped darts
Armour
 e - a scarf of resistance (worn)
 i - a +5 kite shield of reflection
 k - the +3 hat of Pondering (worn) {ponderous, Will+ MP+10 Int+5}
   (You found it on level 3 of the Elven Halls)

   Int+5:     It affects your intelligence (+5).
   Will+:     It increases your willpower.
   MP+10:     It affects your magic capacity (+10).
 s - a +4 tower shield of fire resistance (worn)
 B - the +1 ice dragon scales "Cineawnexu" {Rampage rPois rF- rC++}
   (You found it in an ice cave)

   rF-:       It makes you vulnerable to fire.
   rC++:      It greatly protects you from cold.
   rPois:     It protects you from poison Rampage: It bestows one free step when
   moving towards enemies.
 K - the +0 pair of fencer's gloves (worn) {Riposte Dex+3}
   (Okawaru gifted it to you on level 4 of the Shoals)

   Riposte:   It allows the wearer to riposte with melee weapons, swiftly
   retaliating against missed or blocked melee attacks.
   Dex+3:     It affects your dexterity (+3).
 U - the +8 ice dragon scales of Vermicelli (worn) {rElec rF- rC++ Str+2 SInv}
   (You found it in an ice cave)

   Str+2:     It affects your strength (+2).
   rF-:       It makes you vulnerable to fire.
   rC++:      It greatly protects you from cold.
   rElec:     It insulates you from electricity.
   SInv:      It lets you see invisible.
 Y - a +2 pair of boots (worn)
Jewellery
 g - the ring of Hinosy (right hand) {Fire rPois Str+3 Dex+2}
   (You took it off a draconian annihilator on level 4 of the Realm of Zot)

   [ring of fire]

   Fire:      It enhances your fire magic.
   Str+3:     It affects your strength (+3).
   Dex+2:     It affects your dexterity (+2).
   rF+:       It protects you from fire.
   rC-:       It makes you vulnerable to cold.
   rPois:     It protects you from poison
 n - the ring of Oroeste (left hand) {rF+ Str+6}
   (You found it on level 5 of the Pits of Slime)

   [ring of strength]

   Str+6:     It affects your strength (+6).
   rF+:       It protects you from fire.
 v - the amulet "Mohajueg" (around neck) {Reflect -Cast Fly Will+++ Dex+4 SH+5}
   (You bought it in a shop on level 2 of the Elven Halls)

   [amulet of reflection]

   Reflect:   It reflects blocked missile attacks.
   Dex+4:     It affects your dexterity (+4).
   Will+++:   It greatly increases your willpower.
   Fly:       It grants you flight.
   -Cast:     It prevents spellcasting.
   SH+5:      It affects your SH (+5).
 Q - the ring "Texaheh" {Wiz rElec rPois rCorr Dex-4}
   (You bought it in a shop on level 2 of the Elven Halls)

   [ring of wizardry]

   Wiz:       It improves your spell success rate.
   Dex-4:     It affects your dexterity (-4).
   rElec:     It insulates you from electricity.
   rPois:     It protects you from poison rCorr: It protects you from acid and
   corrosion.
Wands
 w - a wand of flame (116)
 A - a wand of digging (18)
 D - a wand of paralysis (47)
 J - a wand of roots (62)
 M - a wand of light (35)
 P - a wand of mindburst (42)
Scrolls
 h - 10 scrolls of teleportation
 l - a scroll of brand weapon
 o - 4 scrolls of fear
 C - 2 scrolls of revelation
 G - 5 scrolls of poison
 L - 6 scrolls of fog
 S - 3 scrolls of silence
 X - 4 scrolls of blinking
Potions
 f - 8 potions of haste
 j - 22 potions of curing
 m - 9 potions of ambrosia
 p - 4 potions of cancellation
 q - a potion of resistance
 r - 3 potions of might
 x - 4 potions of mutation
 z - 3 potions of enlightenment
 H - 7 potions of heal wounds
 I - 5 potions of invisibility
Miscellaneous
 t - a condenser vane
 O - a lightning rod (4/4)


   Skills:
 O Level 27 Fighting
 O Level 27 Axes
 + Level 5.9(18.8) Maces & Flails
 + Level 10.9(20.5) Polearms
 * Level 19.6 Throwing
 O Level 27 Armour
 + Level 13.6 Dodging
 + Level 3.2 Stealth
 O Level 27 Shields
 + Level 1.1 Spellcasting
 + Level 2.6 Fire Magic
 + Level 11.1 Invocations
 + Level 2.7 Evocations


You had 28 spell levels left.
You didn't know any spells.
Your spell library contained the following spells:

 Spells                   Type           Power      Damage    Failure   Level
 Scorch                   Fire           34%        2d6       12%         2
 Foxfire                  Conj/Fire      36%        2x1d5     13%         1
 Apportation              Tloc           2%         N/A       22%         1
 Freeze                   Ice            4%         1d3       22%         1
 Necrotise                Necr           4%         1d4       22%         1
 Shock                    Conj/Air       4%         1d3       22%         1
 Slow                     Hex            4%         N/A       22%         1
 Sting                    Conj/Alch      4%         1d3       22%         1
 Cigotuvi's Dreadful Rot  Necr/Alch/Air  2%         N/A       34%         2
 Ensorcelled Hibernation  Hex/Ice        2%         N/A       34%         2
 Jinxbite                 Hex            2%         N/A       34%         2
 Lesser Beckoning         Tloc           2%         N/A       34%         2
 Mercury Vapours          Alch/Air       2%         N/A       34%         2
 Momentum Strike          Conj/Tloc      2%         3d8       34%         2
 Static Discharge         Conj/Air       2%         3-4/arc   34%         2
 Sublimation of Blood     Necr           1%         N/A       34%         2
 Confusing Touch          Hex            1%         N/A       56%         3
 Frozen Ramparts          Ice            2%         1d1       56%         3
 Fugue of the Fallen      Necr           1%         N/A       56%         3
 Gell's Gravitas          Tloc           1%         N/A       56%         3
 Hailstorm                Conj/Ice       1%         3d5       56%         3
 Mephitic Cloud           Conj/Alch/Air  1%         N/A       56%         3
 Ozocubu's Armour         Ice            1%         N/A       56%         3
 Passwall                 Erth           1%         N/A       56%         3
 Sigil of Binding         Hex            1%         N/A       56%         3
 Swiftness                Air            1%         N/A       56%         3
 Teleport Other           Tloc           1%         N/A       56%         3
 Vampiric Draining        Necr           1%         2d6       56%         3
 Flame Wave               Conj/Fire      9%         2d6       78%         4
 Ignite Poison            Fire/Alch      9%         N/A       78%         4
 Airstrike                Air            0%         2d(1-17)  92%         4
 Anguish                  Hex/Necr       0%         N/A       92%         4
 Brom's Barrelling Bould  Conj/Erth      1%         2d3       92%         4
 Cause Fear               Hex            0%         N/A       92%         4
 Dimensional Bullseye     Hex/Tloc       0%         N/A       92%         4
 Iskenderun's Mystic Bla  Conj/Tloc      1%         2d3       92%         4
 Leda's Liquefaction      Alch/Erth      0%         N/A       92%         4
 Manifold Assault         Tloc           1%         N/A       92%         4
 Olgreb's Toxic Radiance  Alch           1%         N/A       92%         4
 Passage of Golubria      Tloc           1%         N/A       92%         4
 Petrify                  Alch/Erth      1%         N/A       92%         4
 Vhi's Electric Charge    Tloc/Air       2%         N/A       92%         4
 Fireball                 Conj/Fire      4%         3d4       98%         5
 Alistair's Intoxication  Alch           0%         N/A       99%         5
 Arcjolt                  Conj/Air       0%         1d10      99%         5
 Borgnjor's Vile Clutch   Necr/Erth      0%         N/A       99%         5
 Curse of Agony           Necr           1%         N/A       99%         5
 Freezing Cloud           Conj/Ice/Air   0%         6-21      99%         5
 Irradiate                Conj/Alch      0%         3d11      99%         5
 Iskenderun's Battlesphe  Conj           1%         2d6       99%         5
 Lee's Rapid Deconstruct  Erth           0%         3d4*      99%         5
 Metabolic Englaciation   Hex/Ice        0%         N/A       99%         5
 Silence                  Hex/Air        0%         N/A       99%         5
 Yara's Violent Unravell  Hex/Alch       0%         3d3       99%         5
 Conjure Ball Lightning   Conj/Air       0%         3x3d6     100%        6
 Eringya's Noxious Bog    Alch           0%         4d6       100%        6
 Plasma Beam              Fire/Air       4%         2x1d14    100%        6
 Enfeeble                 Hex            0%         N/A       100%        7
 Orb of Destruction       Conj           0%         9d5       100%        7
 Ozocubu's Refrigeration  Ice            0%         4d7       100%        7
 Discord                  Hex            0%         N/A       100%        8
 Disjunction              Tloc           0%         N/A       100%        8
 Lehudib's Crystal Spear  Conj/Erth      0%         10d2      100%        8
 Maxwell's Capacitive Co  Air            0%         ∞         100%        8
 Chain Lightning          Conj/Air       0%         2d1       100%        9
 Death's Door             Necr           0%         N/A       100%        9
 Fire Storm               Conj/Fire      4%         8d1       100%        9
 Polar Vortex             Ice            0%         N/A       100%        9
 Shatter                  Erth           0%         3d5*      100%        9
 Summon Small Mammal      Summ           Unusable   N/A       N/A         1
 Tukima's Dance           Hex            Unusable   N/A       N/A         3
 Animate Armour           Summ/Erth      Unusable   N/A       N/A         4
 Animate Dead             Necr           Unusable   N/A       N/A         4
 Martyr's Knell           Necr/Summ      Unusable   N/A       N/A         4
 Summon Lightning Spire   Summ/Air       Unusable   N/A       N/A         4
 Summon Mana Viper        Hex/Summ       Unusable   N/A       N/A         5
 Death Channel            Necr           Unusable   N/A       N/A         6
 Sculpt Simulacrum        Ice/Alch       Unusable   N/A       N/A         6
 Infestation              Necr           Unusable   N/A       N/A         8
 Dragon's Call            Summ           Unusable   N/A       N/A         9

Dungeon Overview and Level Annotations

Branches:
Dungeon (15/15)            Temple (1/1) D:7            Lair (5/5) D:8
 Shoals (4/4) Lair:3       Spider (4/4) Lair:2        Slime (5/5) Lair:5
    Orc (2/2) D:9             Elf (3/3) Orc:2        Vaults (5/5) D:13
  Crypt (3/3) Vaults:2       Tomb (0/3) Crypt:3      Depths (4/4) D:15
    Zot (5/5) Depths:4     Bailey (visited)           IceCv (visited)
Volcano (visited)         Gauntlet (visited)

Altars:
Ashenzari
Cheibriados
Dithmenos
Elyvilon
Fedhas
Gozag
Hepliaklqana
Kikubaaqudgha
Makhleb
Nemelex Xobeh
Okawaru
Qazlal
Ru
Sif Muna
Trog
Uskayaw
Vehumet
Wu Jian
Xom
Yredelemnul
Zin
The Shining One

Shops:
D:7 (   D:10 [   D:13 (   Orc:2 ::[:?   Elf:2 ==:=   Elf:3 !   Vaults:2 [((*(
Vaults:5 [   Depths:1 *   Depths:4 [

Portals:
Hell: Depths:1 Depths:2 Depths:3 Depths:4
Abyss: Depths:1 Depths:2 Depths:3
Pandemonium: Depths:2 Depths:3
Ziggurat: Depths:3

Annotations:
Shoals:2 5 transporters
Depths:2 1 runed translucent door


Innate Abilities, Weirdness & Mutations

You have a pair of horns on your head.
You reflexively headbutt those who attack you in melee.
Your mind is acute. (Int +4, Str/Dex -1)
You are clumsy. (Dex -2)
Your flesh is cold resistant. (rC+)
Your body sometimes deteriorates upon taking damage.
You have an increased reservoir of magic. (+10% MP)
Your health recovers twice as slowly from being drained.


Message History

You feel your power leaking away.
The glowing orange brain pulsates.
You slice the howler monkey!!
You kill the howler monkey!
The howler monkey's corpse dissolves into shadows!
Unknown command.
The glowing orange brain pulsates.
You resist with almost no effort.
You slice the glowing orange brain!! You headbutt the glowing orange brain.
The glowing orange brain is heavily wounded.
You closely miss the bombardier beetle. You slice the glowing orange brain!!
You feel better.
You kill the glowing orange brain!
Okawaru accepts your kill.
The bombardier beetle dissolves into shadows!
There is a stone staircase leading up here.
You fly upwards.
There is a stone staircase leading down here.
Unknown command.
There is a stone staircase leading up here.
You fly upwards.
There is a stone staircase leading down here.
There is a stone staircase leading up, spattered with blood here.
You fly upwards.
There is a stone staircase leading down, spattered with blood here.
Magic restored.
You see here a +0 club.
There is a stone staircase leading up here.
You fly upwards.
There is a stone staircase leading down here.
There is a stone staircase leading up here.
You fly upwards.
There is a stone staircase leading down here.
Aiming: Dig
Press: ? - help, Shift-Dir - straight line This square is covered in magical glow.
The rock shatters into small pieces.
Unknown command.
There is a staircase leading out of the dungeon here.
You have escaped!

^^..# #### ....## ######
###..######## .....###
##....###...........##
###....###................##..#
##......................###.#
###...................## #.#
####..............### ##.###
##............## ###.....
####...@..#### #.#.####
##...### #.#.# ###.# ##.#.#
####.########..).#
#######............###.####
#.............###..# #.....
#.#####.......# ##.###.#### #.#
###>..### #.....# # #.# #...#
###..##


There were no monsters in sight!

Vanquished Creatures
  the Royal Jelly (Slime:5)
  7 dread liches
  Frederick (Vaults:2)
  8 orbs of fire (Zot:5)
  4 ancient liches
  A pandemonium lord (D:14)
  Josephina (Crypt:3)
  Sojobo (Depths:1)
  3 Killer Klowns
  Parghit (Zot:4)
  Bai Suzhen (Vaults:5)
  4 curse toes
  Margery (Vaults:2)
  6 caustic shrikes
  Nikola (Shoals:1)
  12 golden dragons
  A profane servitor (D:15)
  Arachne (Spider:4)
  4 bone dragons
  3 electric golems
  A shard shrike zombie (Crypt:3)
  A Hell Sentinel (Depths:3)
  Jorgrun (Orc:2)
  10 titans
  A searing wretch (Vaults:2)
  28 Orb Guardians
  5 liches
  13 tentacled monstrosities
  5 quicksilver dragons
  A walking divine tome (Depths:3)
  Asterion (Depths:2)
  4 deep elf master archers (Elf:3)
  5 deep elf blademasters
  12 acid blobs
  9 sphinxes
  2 tentacled starspawn (Abyss:2)
  6 ancient champions
  12 death cobs
  Gastronok (D:12)
  Polyphemus (Shoals:3)
  Donald (Orc:2)
  Agnes (Spider:1)
  17 storm dragons
  Aizul (Spider:1)
  11 shadow dragons
  13 azure jellies
  6 tengu reavers
  A revenant (Crypt:2)
  A protean progenitor (Zot:4)
  11 rockslimes
  4 draconian monks
  6 draconian knights
  10 fire giants
  18 vault wardens
  6 draconian shifters
  2 demonspawn warmongers
  Roxanne (Elf:2)
  3 deep elf elementalists (Elf:3)
  2 balrugs
  9 emperor scorpions
  5 deep elf sorcerers
  An iron dragon (Vaults:5)
  12 frost giants
  4 draconian scorchers
  13 ghost moths
  An angel (Shoals:3)
  An orc warlord (Vaults:2)
  3 curse skulls
  3 reapers
  14 ironbound preservers
  A cacodemon (D:12)
  3 ghouls
  10 draconian annihilators
  20 stone giants
  A demonspawn blood saint (D:9)
  15 quicksilver oozes
  5 spriggan defenders
  9 draconian stormcallers
  27 very ugly things
  5 formless jellyfish
  2 broodmothers
  6 ironbound thunderhulks
  2 apis
  5 caustic shrike skeletons
  18 green draconians
  3 deep elf demonologists
  7 purple draconians
  7 deep elf death magi
  11 yellow draconians
  16 black draconians
  10 vampire knights
  A minotaur (Gauntlet)
  5 spark wasps
  13 white draconians
  8 deep elf annihilators
  19 dire elephants
  2 war gargoyles (Vaults:3)
  6 red draconians
  A spark wasp (shapeshifter) (Vaults:5)
  11 merfolk javelineers (Shoals:4)
  2 eidola
  A blizzard demon (D:9)
  A crystal guardian (Vaults:3)
  9 merfolk impalers
  15 ettins
  10 yaktaur captains
  An entropy weaver (shapeshifter) (D:11)
  12 fire dragons
  5 jiangshi
  4 deep elf high priests
  9 ice dragons
  8 entropy weavers
  5 peacekeepers
  Fannar (D:10)
  A quicksilver dragon skeleton (Crypt:3)
  2 hell beasts
  6 hydras
  40 vault guards
  15 great orbs of eyes
  A catoblepas (Shoals:2)
  Erica (D:10)
  Harold (D:11)
  7 spriggan skeletons
  Erolcha (Orc:2)
  A caustic shrike simulacrum (Crypt:2)
  2 rakshasas (Depths:2)
  3 merfolk avatars
  5 jorogumos
  2 spriggan air magi (Depths:3)
  3 ogre magi
  2 alligator snapping turtles
  11 ironbound frosthearts
  5 death knights
  4 centaur warriors
  A fenstrider witch skeleton (Crypt:3)
  4 merfolk aquamancers
  3 two-headed ogres
  29 dancing weapons
  2 satyrs (Shoals:3)
  8 deep troll shamans
  4 radroaches
  5 boulder beetles
  4 spriggan berserkers
  3 hell hogs
  9 deep troll earth magi
  6 death yaks
  6 vampire magi
  10 demonic crawlers
  4 tengu warriors (Depths:3)
  A titan zombie (Depths:3)
  An occultist (Depths:3)
  4 spriggans
  6 orc high priests
  5 titan skeletons
  13 deep elf knights
  2 soul eaters
  3 sun demons
  39 skeletal warriors
  16 hell knights
  A wretched star (Abyss:2)
  4 pharaoh ants
  A death drake (Abyss:2)
  8 iron trolls
  8 skysharks
  3 sixfirhies
  7 sea snakes
  4 shadow wraiths
  A salamander mystic (Depths:2)
  3 cherubim
  4 flayed ghosts
  2 spriggan druids (Depths:1)
  2 orange crystal statues (IceCv)
  A sun moth (shapeshifter) (Depths:3)
  10 orb spiders
  A storm dragon skeleton (Crypt:3)
  5 large abominations (Abyss:2)
  54 deep trolls
  5 arcanists
  7 glowing orange brains
  A mana viper (shapeshifter) (Vaults:5)
  A swamp dragon (Lair:5)
  10 lindwurms
  Pikel (D:8)
  A golden dragon skeleton (Crypt:3)
  11 ironbound convokers
  6 steelbarb worms
  9 deep elf archers
  19 phantasmal warriors
  A harpy (shapeshifter) (Depths:1)
  13 harpies
  An iron dragon zombie (Crypt:2)
  A goliath frog zombie (Crypt:3)
  5 necromancers
  A fire giant zombie (Depths:3)
  10 orc knights
  An anaconda skeleton (Crypt:2)
  A broodmother zombie (Crypt:1)
  27 deep elf zephyrmancers
  39 ugly things
  2 shadow dragon skeletons (Crypt:2)
  23 deep elf pyromancers
  3 orc sorcerers
  2 salamanders (Depths:2)
  A shining eye (shapeshifter) (Vaults:5)
  27 moths of wrath
  Maurice (D:8)
  21 fauns
  18 manticores
  An iron dragon skeleton (Depths:3)
  A naga zombie (Crypt:2)
  A jorogumo skeleton (Crypt:2)
  24 wolf spiders
  9 shining eyes
  7 black mambas
  6 meliai
  A tengu skeleton (Vaults:3)
  10 elephants
  2 stone giant skeletons (Crypt:2)
  5 kobold blastminers
  A black mamba (shapeshifter) (Elf:1)
  8 merfolk sirens
  2 cyclopes
  A rust devil (D:15)
  8 water nymphs
  A fire giant skeleton (Depths:3)
  An eye of devastation (Slime:1)
  18 vault sentinels
  9 cane toads
  A formless jellyfish zombie (Crypt:3)
  A titan simulacrum (Crypt:3)
  8 torpor snails
  2 smoke demons
  Jeremiah (D:8)
  A komodo dragon (shapeshifter) (Elf:1)
  2 gargoyles
  A naga skeleton (Crypt:2)
  2 kobold demonologists
  4 rime drakes
  An alligator snapping turtle skeleton (Crypt:2)
  An orange demon (Depths:2)
  24 yaktaurs
  4 dire elephant skeletons (Crypt:2)
  4 efreet
  7 freezing wraiths
  A black draconian skeleton (Crypt:1)
  2 tormentors
  An orb spider zombie (Crypt:3)
  Psyche (D:11)
  5 guardian mummies (Crypt:3)
  9 komodo dragons
  3 tengu conjurers
  5 ancient zymes (Abyss:2)
  An anaconda simulacrum (Crypt:3)
  A minotaur skeleton (Crypt:2)
  A queen bee (Spider:2)
  A silent spectre (Abyss:2)
  5 hellwings (D:14)
  Prince Ribbit (D:5)
  2 red devils (Volcano)
  6 polar bears
  6 trolls
  31 hornets
  24 merfolk
  36 tarantellas
  3 wind drakes
  3 tyrant leeches (Lair:5)
  5 harpy skeletons
  A sun moth zombie (Crypt:2)
  Grinder (D:3)
  3 raiju (Abyss:2)
  A dream sheep (shapeshifter) (Depths:1)
  13 snapping turtles
  30 blink frogs
  2 glass eyes
  3 dream sheep
  A tarantella zombie (Crypt:3)
  A vampire (D:11)
  3 ettin skeletons (Crypt:3)
  12 water elementals
  144 slime creatures
  50 jumping spiders
  3 air elementals
  13 wraiths
  24 culicivoras
  3 small abominations (Abyss:2)
  45 yaks
  A black mamba skeleton (Crypt:3)
  A merfolk skeleton (Crypt:2)
  A ynoxinul (Abyss:2)
  4 basilisks
  Grum (D:8)
  8 fire bats
  4 humans (Bailey)
  10 wyverns
  A golden eye (Slime:5)
  4 steam dragons
  20 fire elementals
  A warg (Orc:1)
  67 redbacks
  2 neqoxecs (Abyss:2)
  A yaktaur simulacrum (Vaults:3)
  6 vampire mosquitoes
  9 water moccasins
  6 great orb of eyes simulacra (IceCv)
  8 acid dragons
  A deep troll skeleton (Crypt:1)
  A hydra simulacrum (Crypt:3)
  4 hell hounds
  28 orc warriors
  A faun skeleton (Crypt:3)
  A human simulacrum (Vaults:3)
  2 ice beasts
  2 swamp drakes (Lair:5)
  2 sky beasts
  6 black bears
  A meliai simulacrum (D:15)
  37 laughing skulls
  A black bear (shapeshifter) (Vaults:5)
  6 ogres
  14 wolves
  A swamp dragon skeleton (Crypt:2)
  5 boggarts (D:15)
  A phantom (D:6)
  7 slime creature simulacra (IceCv)
  6 centaurs
  2 lemures (D:8)
  7 kobold brigands
  A yaktaur skeleton (Crypt:1)
  20 bullfrogs
  A gnoll sergeant (D:3)
  A brain worm (Abyss:2)
  5 scorpions
  2 necrophages (Crypt:3)
  4 glowing shapeshifter simulacra (IceCv)
  2 naga simulacra (Crypt:3)
  3 earth elementals
  19 wights
  A wyvern skeleton (Crypt:1)
  A polar bear zombie (Crypt:2)
  The ghost of thiplelam the Slasher, a weakling HuBe of Trog (D:3)
  21 killer bees
  A howler monkey (D:10)
  3 electric eels (Lair:5)
  A bullfrog zombie (Crypt:2)
  23 orc priests
  A centaur zombie (Crypt:1)
  A jelly (D:8)
  2 hounds
  A basilisk zombie (Crypt:3)
  4 centaur skeletons
  Terence (D:3)
  12 starcursed masses (Abyss:2)
  5 hell rats (Lair:3)
  3 iguanas
  3 sleepcaps
  23 orc wizards
  7 mummies (Crypt:3)
  10 gnolls
  7 adders
  A shadow imp (D:7)
  A steam dragon skeleton (Crypt:3)
  3 white imps
  An adder zombie (Crypt:2)
  An iguana zombie (Crypt:2)
  3 dart slugs
  5 ribbon worms
  82 orcs
  7 bats
  6 endoplasms
  3 giant cockroaches
  15 goblins
  12 hobgoblins
  7 jackals
  21 kobolds
  A quokka (D:1)
  7 ball pythons
  A frilled lizard (D:1)
  A jackal skeleton (Crypt:3)
  5 rats
  A river rat skeleton (Crypt:1)
  2 aspiring fleshes (Zot:4)
  A spectral weapon (Depths:2)
2737 creatures vanquished.

Vanquished Creatures (others)
  A curse toe (Zot:3)
  A quicksilver dragon (Zot:4)
  A deep elf knight (Elf:2)
  A cherub (Shoals:4)
  A harpy (Elf:1)
  A deep elf zephyrmancer (Elf:2)
  An ugly thing (D:14)
  A manticore (Shoals:4)
  An acid dragon (Zot:4)
  54 foxfires
  3 starspawn tentacles (Abyss:2)
66 creatures vanquished.

Grand Total: 2803 creatures vanquished

Notes
Turn   | Place    | Note
-------+----------+-------------------------------------------
     0 | D:1      | dvd2 the Minotaur Cinder Acolyte began the quest for the
                  | Orb.
     0 | D:1      | Reached XP level 1. HP: 19/19 MP: 1/1
   125 | D:1      | Reached XP level 2. HP: 27/27 MP: 2/2
   896 | D:2      | Reached XP level 3. HP: 33/33 MP: 3/3
  1166 | D:2      | Found a bloodstained altar of Trog.
  1563 | D:2      | Reached XP level 4. HP: 29/40 MP: 4/4
  1565 | D:2      | Reached skill level 1 in Armour
  2030 | D:3      | Reached skill level 1 in Shields
  2042 | D:3      | Reached XP level 5. HP: 42/46 MP: 5/5
  2125 | D:3      | Reached skill level 5 in Axes
  2125 | D:3      | Reached skill level 1 in Dodging
  2125 | D:3      | Found a runed translucent door.
  2125 | D:3      | Noticed thiplelam's ghost (weakling HuBe)
  2338 | D:3      | Noticed Terence
  2346 | D:3      | Killed Terence
  2525 | D:3      | Noticed Grinder
  2532 | D:3      | Paralysed by Grinder for 5 turns
  2541 | D:3      | Killed Grinder
  2542 | D:3      | Reached skill level 1 in Throwing
  2542 | D:3      | Reached XP level 6. HP: 15/53 MP: 6/6
  3263 | D:4      | Found a white marble altar of Elyvilon.
  3564 | D:3      | Reached XP level 7. HP: 60/60 MP: 7/7
  3785 | D:5      | Entered Level 5 of the Dungeon
  4083 | D:5      | Reached skill level 5 in Fighting
  4141 | D:5      | Noticed Prince Ribbit
  4167 | D:5      | Killed Prince Ribbit
  4168 | D:5      | Reached skill level 5 in Armour
  4168 | D:5      | Reached XP level 8. HP: 16/69 MP: 8/8
  4454 | D:5      | Reached skill level 5 in Shields
  5367 | D:6      | Reached XP level 9. HP: 77/77 MP: 9/9
  6039 | D:7      | Paralysed by a hornet for 2 turns
  6053 | D:7      | Reached skill level 1 in Stealth
  6086 | D:7      | You fall into a shaft and drop 2 floors!
  6210 | D:9      | Reached skill level 10 in Axes
  6221 | D:9      | Reached XP level 10. HP: 47/86 MP: 10/10
  6442 | D:9      | Found a flagged portal.
  6466 | Bailey   | Entered a bailey
  6569 | Bailey   | Noticed a vault guard
  6602 | Bailey   | Killed a vault guard
  6688 | Bailey   | Noticed a vault guard
  6708 | Bailey   | Killed a vault guard
  6839 | D:8      | Noticed Grum
  6919 | D:8      | Killed Grum
  7030 | D:8      | Noticed Maurice
  7096 | D:9      | Reached XP level 11. HP: 56/95 MP: 11/11
  7344 | D:8      | Reached skill level 1 in Evocations
  7508 | D:7      | Found a staircase to the Ecumenical Temple.
  7706 | D:7      | Found Xiomiref's Weapon Shop.
  7813 | D:7      | Noticed a two-headed ogre
  7821 | D:7      | Killed a two-headed ogre
  7822 | D:7      | Reached skill level 1 in Maces & Flails
  8392 | D:8      | Found a staircase to the Lair.
  8420 | D:8      | Noticed Pikel
  8430 | D:8      | Killed Pikel
  8537 | D:8      | Noticed a two-headed ogre
  8546 | D:8      | Killed a two-headed ogre
  8547 | D:8      | Reached skill level 10 in Shields
  8579 | D:8      | Noticed Jeremiah
  8604 | D:8      | Killed Jeremiah
  8865 | D:8      | Got the Guide on Violent Heat
  8945 | D:9      | Found a staircase to the Orcish Mines.
  9091 | D:9      | Reached skill level 5 in Throwing
  9256 | D:10     | Entered Level 10 of the Dungeon
  9308 | D:10     | Noticed Erica
  9456 | D:10     | Noticed Fannar
  9475 | D:10     | Killed Fannar
  9476 | D:10     | Reached skill level 10 in Fighting
  9554 | D:10     | Killed Erica
  9652 | D:10     | Reached XP level 12. HP: 106/106 MP: 12/12
  9659 | D:10     | Reached skill level 1 in Polearms
  9914 | D:10     | Found a basalt altar of Yredelemnul.
  9927 | D:10     | Found a hide-covered altar of Uskayaw.
  9952 | D:10     | Found Sawn's Antique Armour Shoppe.
  9962 | D:10     | Bought a pair of runed boots for 142 gold pieces
  9962 | D:10     | Bought a glowing scale mail for 133 gold pieces
 10104 | D:8      | Killed Maurice
 10130 | Lair:1   | Entered Level 1 of the Lair of Beasts
 10319 | Lair:1   | Found a dark tunnel.
 10377 | Volcano  | Entered a volcano
 10409 | Volcano  | Reached skill level 5 in Dodging
 10628 | Lair:1   | Found an opulent altar of Gozag.
 10830 | Lair:1   | Reached skill level 10 in Armour
 11320 | Lair:2   | Reached XP level 13. HP: 75/116 MP: 13/13
 11390 | Lair:2   | Found a hole to the Spider Nest.
 11446 | Lair:2   | Found a gate leading to a gauntlet.
 11520 | Gauntlet | Entered a Gauntlet
 11520 | Gauntlet | Found a transporter.
 11520 | Gauntlet | Found a transporter.
 11521 | Gauntlet | Found a transporter.
 11521 | Gauntlet | Noticed a balrug
 11524 | Gauntlet | Found a transporter.
 11536 | Gauntlet | Found a transporter.
 11601 | Gauntlet | Found a transporter.
 11611 | Gauntlet | Found a transporter.
 11626 | Gauntlet | Found a transporter.
 11640 | Gauntlet | Found a transporter.
 11651 | Gauntlet | Found a transporter.
 11657 | Gauntlet | Found a transporter.
 11678 | Gauntlet | Found a transporter.
 11755 | Gauntlet | Killed a balrug
 11846 | Gauntlet | Identified the ring "Zoisuc" {rC- MP+9 Str+3 Int+6}
 11865 | Gauntlet | Reached skill level 15 in Axes
 11893 | Gauntlet | Identified the ring of Apei {rCorr MP+9}
 11947 | Gauntlet | Noticed a minotaur
 11967 | Gauntlet | Killed a minotaur
 11979 | Gauntlet | Identified the +5 flail "Pootted" {venom, rF+ MP+9 Str+4
                  | Int+2}
 12982 | Lair:3   | Found a staircase to the Shoals.
 14577 | Lair:5   | Entered Level 5 of the Lair of Beasts
 14643 | Lair:5   | Reached skill level 5 in Polearms
 14785 | Lair:5   | Found a staircase to the Slime Pits.
 14866 | Lair:5   | Reached XP level 14. HP: 126/126 MP: 14/14
 15045 | Lair:5   | Paralysed by a hornet for 1 turns
 15292 | Lair:5   | Identified the serpent talisman "Ydomad" {rElec Int+6
                  | Stlth+}
 16061 | D:3      | Killed thiplelam's ghost
 16300 | Orc:1    | Entered Level 1 of the Orcish Mines
 16564 | Orc:1    | Paralysed by an orc sorcerer for 4 turns
 16917 | Orc:2    | Entered Level 2 of the Orcish Mines
 16976 | Orc:2    | Reached skill level 15 in Shields
 17038 | Orc:2    | Found a staircase to the Elven Halls.
 17045 | Orc:2    | Found Dulerep's Book Shop.
 17105 | Orc:2    | Noticed Donald
 17296 | Orc:2    | Noticed Erolcha
 17307 | Orc:2    | Killed Erolcha
 18098 | Orc:2    | Killed Donald
 18323 | Orc:2    | Noticed Jorgrun
 18377 | Orc:2    | Killed Jorgrun
 18537 | Orc:2    | Found Agin's Antique Armour Emporium.
 18537 | Orc:2    | Found Qiweuf's Book Emporium.
 18538 | Orc:2    | Found Inkept's Magic Scroll Emporium.
 18538 | Orc:2    | Found Ytynotiu's Book Shoppe.
 18547 | Orc:2    | Bought a scroll of identify for 30 gold pieces
 18547 | Orc:2    | Bought a scroll of identify for 30 gold pieces
 18547 | Orc:2    | Bought a scroll of enchant armour for 112 gold pieces
 18547 | Orc:2    | Bought a scroll of identify for 30 gold pieces
 18554 | Orc:2    | Bought a pair of glowing gloves for 307 gold pieces
 18593 | Orc:2    | Bought a scroll of fear for 60 gold pieces
 18752 | Temple   | Found a transporter.
 18752 | Temple   | Found a transporter.
 18752 | Temple   | Found a transporter.
 18752 | Temple   | Found a transporter.
 18752 | Temple   | Entered the Ecumenical Temple
 18787 | Temple   | Fell from the grace of Ignis
 18787 | Temple   | Became a worshipper of Warmaster Okawaru
 19035 | D:11     | Noticed Harold
 19045 | D:11     | Killed Harold
 19188 | D:11     | Reached XP level 15. HP: 135/135 MP: 15/15
 19379 | D:11     | Noticed Psyche
 19393 | D:11     | Killed Psyche
 19449 | D:11     | Reached * piety under Okawaru
 19899 | D:11     | Identified the +2 leather armour of Tupicvid {Fly}
 20097 | D:11     | You fall into a shaft and drop 1 floor!
 20276 | D:12     | Noticed Gastronok
 20296 | D:12     | Killed Gastronok
 20562 | D:12     | Reached ** piety under Okawaru
 20667 | D:12     | You fall into a shaft and drop 3 floors!
 20667 | D:15     | Entered Level 15 of the Dungeon
 21216 | D:14     | HP: 4/136 [efreet/fireball (32)]
 21422 | D:14     | You fall into a shaft and drop 1 floor!
 21708 | D:13     | Found a runed translucent gate.
 21713 | D:13     | Found a runed translucent gate.
 21714 | D:13     | Noticed an emperor scorpion
 21714 | D:13     | Noticed an emperor scorpion
 21715 | D:13     | Noticed an emperor scorpion
 21721 | D:13     | Noticed an emperor scorpion
 21734 | D:13     | Found a runed translucent door.
 21738 | D:13     | Found Tennom's Antique Weapon Boutique.
 21751 | D:13     | Reached *** piety under Okawaru
 22080 | D:12     | Found a stormy altar of Qazlal.
 22143 | D:12     | You fall into a shaft and drop 3 floors!
 22143 | D:15     | Was forgiven by Ignis
 22231 | D:13     | Found the +9 staff of Olgreb {rPois∞}
 22257 | D:13     | Noticed an emperor scorpion
 22257 | D:13     | Noticed an emperor scorpion
 22258 | D:13     | Found a runed translucent gate.
 22259 | D:13     | Found a runed translucent door.
 22890 | D:13     | Found a gate to the Vaults.
 22918 | D:13     | Reached **** piety under Okawaru
 23679 | Spider:1 | Entered Level 1 of the Spider Nest
 23763 | Spider:1 | Noticed Agnes
 23784 | Spider:1 | Killed Agnes
 23814 | Spider:1 | Reached skill level 15 in Armour
 23964 | Spider:1 | Reached XP level 16. HP: 145/145 MP: 16/16
 24533 | Spider:1 | Identified the serpent talisman "Xuoxtigaha" {+Blink Str+3}
 24533 | Spider:1 | Noticed Aizul
 24558 | Spider:1 | Killed Aizul
 24988 | Spider:1 | Reached ***** piety under Okawaru
 25908 | Spider:2 | Received a gift from Okawaru
 26909 | Spider:3 | Received a gift from Okawaru
 27322 | Spider:3 | Identified the +6 halberd "Tethaz" {pain, +Blink Fly rElec
                  | Stlth-}
 27777 | Spider:4 | Entered Level 4 of the Spider Nest
 27817 | Spider:3 | Reached skill level 1 in Invocations
 27869 | Spider:3 | Reached XP level 17. HP: 122/153 MP: 17/17
 28072 | Spider:4 | Received a gift from Okawaru
 28334 | Spider:4 | Identified the +5 quarterstaff of the Last Coins {spect,
                  | Will+}
 28839 | Spider:4 | Reached skill level 15 in Fighting
 29390 | Spider:4 | Noticed Arachne
 29414 | Spider:4 | Killed Arachne
 29572 | Spider:4 | Identified the amulet "Otrej" {Faith rC+ Dex+2}
 29648 | Spider:4 | Reached skill level 10 in Polearms
 29929 | Spider:4 | Got a gossamer rune of Zot
 30468 | Shoals:1 | Entered Level 1 of the Shoals
 30609 | Shoals:1 | Reached skill level 10 in Throwing
 30729 | Shoals:1 | Reached skill level 5 in Invocations
 31033 | Shoals:1 | Noticed Nikola
 31056 | Shoals:1 | Killed Nikola
 31382 | Shoals:2 | Found a transporter.
 31407 | Shoals:2 | Found a transporter.
 31412 | Shoals:2 | Received a gift from Okawaru
 31433 | Shoals:2 | Identified the +0 pair of gloves of the Tuna {^Contam Harm
                  | rElec MP+9}
 31466 | Shoals:2 | Found a glacial archway.
 31516 | IceCv    | Entered an ice cave
 31786 | IceCv    | Identified the +1 ice dragon scales "Cineawnexu" {Rampage
                  | rPois rF- rC++}
 31789 | IceCv    | Identified the +1 cloak of Renwyzehutz {*Corrode Str+2
                  | Int+2}
 31791 | IceCv    | Identified the +2 ice dragon scales "Tischo" {rElec rF-
                  | rC++ Int+2}
 31986 | IceCv    | Reached XP level 18. HP: 150/163 MP: 21/21
 32134 | IceCv    | Found a viscous altar of Jiyva.
 32157 | IceCv    | Received a gift from Okawaru
 32255 | IceCv    | Identified the +8 ice dragon scales of Vermicelli {rElec
                  | rF- rC++ Str+2 SInv}
 32266 | IceCv    | Got the +8 spear "Cesmumu" {freeze, +Blink rF+ rN+ SInv}
 32799 | Shoals:2 | Found a transporter.
 32974 | Shoals:2 | Found a transporter.
 33138 | Shoals:2 | Found a transporter.
 33147 | Shoals:2 | Found a transporter.
 33970 | Shoals:3 | Received a gift from Okawaru
 34138 | Shoals:4 | Entered Level 4 of the Shoals
 34138 | Shoals:4 | Noticed Polyphemus
 34345 | Shoals:3 | Killed Polyphemus
 34412 | Shoals:4 | Found a white marble altar of Elyvilon.
 34751 | Shoals:4 | Reached skill level 5 in Maces & Flails
 34847 | Shoals:4 | Found a glowing golden altar of the Shining One.
 35540 | Shoals:4 | Reached ****** piety under Okawaru
 35543 | Shoals:4 | Acquired a +7 heavy broad axe
 35543 | Shoals:4 | Received a gift from Okawaru
 35549 | Shoals:4 | Acquired the +0 pair of fencer's gloves {Riposte Dex+3}
 35549 | Shoals:4 | Received a gift from Okawaru
 35549 | Shoals:4 | Found the +0 pair of fencer's gloves {Riposte Dex+3}
 35836 | Shoals:4 | Received a gift from Okawaru
 35996 | Shoals:4 | Found a glowing silver altar of Zin.
 36255 | Shoals:4 | Got a barnacled rune of Zot
 36257 | Shoals:4 | Identified the +1 ring mail "Xohiong" {Rampage rPois}
 36639 | Elf:1    | Entered Level 1 of the Elven Halls
 36641 | Abyss:2  | Cast into level 2 of the Abyss (a deep elf demonologist)
 36663 | Abyss:2  | Found a corrupted altar of Lugonu.
 36765 | Abyss:2  | Reached XP level 19. HP: 172/172 MP: 23/23
 36786 | Abyss:2  | Received a gift from Okawaru
 36988 | Abyss:2  | Found a corrupted altar of Lugonu.
 37071 | Elf:1    | Escaped the Abyss
 37078 | Elf:1    | Noticed a Tzitzimitl
 37492 | Elf:1    | Received a gift from Okawaru
 37858 | Elf:1    | Paralysed by an air elemental for 1 turns
 37869 | Elf:1    | Paralysed by an air elemental for 1 turns
 38089 | Elf:2    | Found a huge runed translucent gate.
 38089 | Elf:2    | Found a huge runed translucent gate.
 38091 | Elf:2    | Found a huge runed translucent gate.
 38091 | Elf:2    | Found a huge runed translucent gate.
 38094 | Elf:2    | Found a huge runed translucent gate.
 38450 | Elf:2    | Found Toke's Jewellery Boutique.
 38456 | Elf:2    | Bought the ring "Texaheh" {Wiz rElec rPois rCorr Dex-4} for
                  | 590 gold pieces
 38527 | Elf:2    | Noticed Roxanne
 38535 | Elf:2    | Killed Roxanne
 38535 | Elf:2    | Received a gift from Okawaru
 38713 | Elf:2    | Found Kiboonez's Jewellery Shop.
 38713 | Elf:2    | Found Aryemom's Book Emporium.
 38714 | Elf:2    | Found Asushrese's Jewellery Shop.
 38723 | Elf:2    | Bought the amulet "Mohajueg" {Reflect -Cast Fly Will+++
                  | Dex+4 SH+5} for 959 gold pieces
 39471 | Elf:3    | Entered Level 3 of the Elven Halls
 39485 | Elf:3    | Received a gift from Okawaru
 39492 | Elf:3    | Found Eblephux's Distillery.
 39505 | Elf:3    | Bought a potion of haste for 200 gold pieces
 39505 | Elf:3    | Bought a potion of curing for 60 gold pieces
 39505 | Elf:3    | Bought 2 potions of curing for 120 gold pieces
 39505 | Elf:3    | Bought a potion of curing for 60 gold pieces
 39505 | Elf:3    | Bought a potion of berserk rage for 100 gold pieces
 39962 | Elf:3    | Reached XP level 20. HP: 141/180 MP: 22/25
 39971 | Elf:3    | Paralysed by an air elemental for 1 turns
 40014 | Elf:3    | Received a gift from Okawaru
 40203 | Elf:3    | Identified the +8 great sword of the Hummingbird {holy,
                  | ^Fragile rF++ Dex+5}
 40308 | Elf:3    | Identified the +11 hand axe of the Toadstool {heavy, rElec
                  | SInv}
 40404 | Elf:3    | Identified the +3 plate armour "Xoedad" {Will++}
 40429 | Elf:3    | Got the Papyrus of the Caves and Toxicity
 40461 | Elf:3    | Identified the staff "Koogg" {rN+ Hexes Necro}
 40476 | Elf:3    | Found the +3 hat of Pondering {ponderous, Will+ MP+10
                  | Int+5}
 40522 | Elf:3    | Got the Parchment of Hapless Immolation
 40636 | Elf:3    | Got the Catalogue of the Stormy Faeries
 41081 | Vaults:1 | Entered Level 1 of the Vaults
 41230 | Vaults:1 | Received a gift from Okawaru
 41770 | Vaults:1 | Paralysed by a formless jellyfish for 1 turns
 41930 | Vaults:1 | Received a gift from Okawaru
 42601 | Vaults:2 | Identified the orb "Ronucevari" {*channel, rF+ Will+ Int+4}
 42601 | Vaults:2 | Noticed Frederick
 42852 | Vaults:2 | Killed Frederick
 43218 | Vaults:2 | Found Cakurrai's Weapon Shoppe.
 43287 | Vaults:2 | Received a gift from Okawaru
 43388 | Vaults:2 | Reached XP level 21. HP: 193/193 MP: 26/26
 43388 | Vaults:2 | Found Vamie's Weapon Boutique.
 43497 | Vaults:2 | Found a staircase to the Crypt.
 43497 | Vaults:2 | Found an ancient bone altar of Kikubaaqudgha.
 43497 | Vaults:2 | Found a basalt altar of Yredelemnul.
 43517 | Vaults:2 | Noticed Margery
 43542 | Vaults:2 | HP: 3/194 [Margery/fireball (76)]
 43884 | Vaults:2 | Killed Margery
 43884 | Vaults:2 | Received a gift from Okawaru
 44014 | Vaults:2 | Identified the +7 orcbow of Outrage {heavy, rElec rF++ rC-
                  | rN+}
 44149 | Vaults:2 | Found Angomaog's General Store.
 44157 | Vaults:2 | Bought a scroll of fear for 76 gold pieces
 44157 | Vaults:2 | Bought a potion of curing for 57 gold pieces
 44157 | Vaults:2 | Bought a potion of curing for 57 gold pieces
 44157 | Vaults:2 | Bought a scroll of teleportation for 57 gold pieces
 44157 | Vaults:2 | Bought a scroll of fog for 76 gold pieces
 44165 | Vaults:2 | Found Buan's Weapon Boutique.
 44354 | Vaults:2 | Found Feviorr's Armour Shoppe.
 44945 | Vaults:3 | Received a gift from Okawaru
 44997 | Vaults:3 | Found a runed translucent door.
 45775 | Vaults:4 | Received a gift from Okawaru
 46814 | D:13     | Reached XP level 22. HP: 206/206 MP: 27/27
 47248 | Slime:1  | Entered Level 1 of the Pits of Slime
 47254 | Slime:1  | Received a gift from Okawaru
 47342 | Slime:1  | Gained mutation: Your natural rate of healing is unusually
                  | fast. [a shining eye]
 47576 | Slime:5  | Entered Level 5 of the Pits of Slime
 47748 | Slime:5  | Noticed the Royal Jelly
 47763 | Slime:5  | Killed the Royal Jelly
 47802 | Slime:5  | Received a gift from Okawaru
 47860 | Slime:5  | Found the +5 glaive of the Guard {elec, spectral}
 47926 | Slime:5  | Gained mutation: Your spells are a little easier to cast,
                  | but a little less powerful. [a shining eye]
 47957 | Slime:5  | Identified the +1 great mace of the Ubiquitous God {speed,
                  | rF+}
 47995 | Slime:5  | Got a slimy rune of Zot
 48001 | Slime:5  | Identified the ring of Oroeste {rF+ Str+6}
 48009 | Slime:5  | Identified the +6 spear of Dung {spect, *Rage rF+++ Dex+6}
 48038 | Slime:5  | Identified the +7 battleaxe of Crusades {holy, ^Fragile rC-
                  | rN+++ rCorr}
 48096 | Slime:5  | Got the Compilation of Blasted Curses
 48104 | Slime:5  | Identified the +0 ring mail "Vaiza" {rElec}
 49327 | Crypt:1  | Entered Level 1 of the Crypt
 49341 | Crypt:1  | Received a gift from Okawaru
 49956 | Crypt:1  | You are sucked into a shaft and drop 1 floor!
 50316 | Crypt:2  | Received a gift from Okawaru
 50825 | Crypt:2  | Reached XP level 23. HP: 209/215 MP: 28/28
 51024 | Crypt:2  | Got Zypo's Anthology of Arson and the Evil Eye
 51167 | Crypt:3  | Entered Level 3 of the Crypt
 51185 | Crypt:3  | Received a gift from Okawaru
 51776 | Crypt:3  | Identified the ring of Jyle {Ice Int+5 Dex+3}
 51776 | Crypt:3  | Noticed Josephina
 51787 | Crypt:3  | Killed Josephina
 51965 | Crypt:3  | Identified the +7 great sword of a wizard's laboratory
                  | {flame, *Noise rF+ Int+5}
 51997 | Crypt:3  | Identified the +9 glaive of the Middle {speed, rF+}
 52016 | Crypt:3  | Received a gift from Okawaru
 52127 | Crypt:3  | Noticed a dread lich
 52139 | Crypt:3  | Killed a dread lich
 52281 | Crypt:3  | Got the Excursus on Malevolent Acts
 52486 | Crypt:3  | Found a staircase to the Tomb.
 52600 | Crypt:3  | Identified the +1 mace "Eniuvyah" {antimagic, +Blink rElec
                  | rF+}
 52806 | Vaults:5 | Entered Level 5 of the Vaults
 52806 | Vaults:5 | Noticed a dread lich
 52814 | Vaults:5 | Received a gift from Okawaru
 52820 | Vaults:5 | Killed a dread lich
 52912 | Vaults:5 | Reached XP level 24. HP: 228/229 MP: 28/28
 52919 | Vaults:5 | Received a gift from Okawaru
 52977 | Vaults:5 | Identified the +0 chain mail of Day {^Drain rN++ Int+4}
 52981 | Vaults:5 | Identified the +6 spear "Trog's Indignation" {elec, rF+}
 53123 | Vaults:5 | Noticed an ancient lich
 53128 | Vaults:5 | Reached skill level 10 in Dodging
 53138 | Vaults:5 | Killed an ancient lich
 53171 | Vaults:5 | Identified the +0 falchion "Weit" {holy, Str+3}
 53209 | Vaults:5 | Got a silver rune of Zot
 53233 | Vaults:5 | Noticed Bai Suzhen
 53253 | Vaults:5 | Killed Bai Suzhen
 53258 | Vaults:5 | Received a gift from Okawaru
 53346 | Vaults:5 | Noticed a dread lich
 53361 | Vaults:5 | Killed a dread lich
 53487 | Vaults:5 | Found Keuc's Armour Boutique.
 54564 | D:15     | Found a staircase to the Depths.
 54672 | Depths:1 | Entered Level 1 of the Depths
 54672 | Depths:1 | Noticed Sojobo
 54679 | Depths:1 | Killed Sojobo
 54681 | Depths:1 | Received a gift from Okawaru
 55003 | Depths:1 | Found a one-way gate to the infinite horrors of the Abyss.
 55014 | Depths:1 | Found Amip's General Store.
 55023 | Depths:1 | Bought a scroll of enchant armour for 112 gold pieces
 55166 | Depths:1 | Found a sacrificial altar of Ru.
 55370 | Depths:1 | Found a gateway to Hell.
 55646 | Depths:2 | Found a runed translucent door.
 55684 | Depths:2 | Found a runed translucent door.
 55684 | Depths:2 | Found a runed translucent door.
 55689 | Depths:2 | Found a runed translucent door.
 55722 | Depths:2 | Identified the +9 dire flail "Wiphi" {freeze, +Blink}
 55737 | Depths:2 | Got the Commentary on the Lungs and Correspondence
 55938 | Depths:2 | Reached XP level 25. HP: 243/243 MP: 28/28
 56010 | Depths:2 | Received a gift from Okawaru
 56245 | Depths:2 | Identified the +8 dire flail of Wu Jian's Condemnation
                  | {pain, Dex+4}
 56375 | Depths:2 | Identified the +1 demon trident of Mana {freeze, Str+5}
 56426 | Depths:2 | Found a one-way gate leading to the halls of Pandemonium.
 56563 | Depths:2 | Noticed Asterion
 56570 | Depths:2 | Killed Asterion
 57052 | Depths:3 | Found a one-way gateway to a ziggurat.
 57057 | Depths:3 | Identified the +0 plate armour of the Swamp {Str-4 Dex+4}
 57309 | Depths:3 | Received a gift from Okawaru
 57776 | Depths:4 | Entered Level 4 of the Depths
 57821 | Depths:4 | Found a sparkling altar of Nemelex Xobeh.
 57885 | Depths:4 | Found Qiosoyfa's Armour Shop.
 57974 | Depths:4 | Received a gift from Okawaru
 58314 | Depths:3 | Received a gift from Okawaru
 58539 | Depths:4 | Found a gate to the Realm of Zot.
 59011 | Zot:1    | Entered Level 1 of the Realm of Zot
 59042 | Zot:1    | Reached XP level 26. HP: 256/256 MP: 28/28
 59101 | Zot:1    | Received a gift from Okawaru
 59350 | Zot:1    | Identified the +1 orcbow "Huschenn" {drain, rC++ Str+3
                  | Dex-2 Stlth+}
 59419 | Zot:1    | Reached skill level 27 in Shields
 59700 | Zot:2    | Received a gift from Okawaru
 60217 | Zot:3    | Reached skill level 15 in Throwing
 60475 | Zot:3    | Received a gift from Okawaru
 61026 | Zot:4    | Noticed Parghit
 61248 | Zot:4    | Received a gift from Okawaru
 61709 | Zot:4    | Killed Parghit
 61794 | Zot:4    | Received a gift from Okawaru
 61965 | Zot:4    | Identified the +9 great sword "Ahirch" {flame, rF- MP+9
                  | Str+2}
 61965 | Zot:4    | Identified the ring of Hinosy {Fire rPois Str+3 Dex+2}
 61969 | Zot:4    | Found the +10 Black Knight's barding {ponderous, rPois rN+}
 61971 | Zot:4    | Reached XP level 27. HP: 246/263 MP: 28/28
 61976 | Zot:4    | Reached skill level 27 in Axes
 62132 | Zot:5    | Entered Level 5 of the Realm of Zot
 62159 | Zot:5    | Noticed an orb of fire
 62159 | Zot:5    | Noticed an orb of fire
 62159 | Zot:5    | Noticed an ancient lich
 62159 | Zot:5    | Noticed an orb of fire
 62159 | Zot:5    | Noticed an orb of fire
 62159 | Zot:5    | Noticed an orb of fire
 62161 | Zot:5    | Gained mutation: You occasionally lose the ability to drink
                  | potions when taking damage. [an orb of fire]
 62172 | Zot:5    | Gained mutation: Armour fits poorly on your strangely
                  | shaped body. [an orb of fire]
 62173 | Zot:5    | Noticed a dread lich
 62173 | Zot:5    | Noticed an ancient lich
 62204 | Zot:5    | Killed an ancient lich
 62204 | Zot:5    | Killed a dread lich
 62213 | Zot:5    | Gained mutation: Your spells are easier to cast, but less
                  | powerful. [an orb of fire]
 62218 | Zot:5    | Gained mutation: Your magical capacity is low. (-10% MP)
                  | [an orb of fire]
 62218 | Zot:5    | Gained mutation: You are dopey. (Int -2) [an orb of fire]
 62219 | Zot:5    | Killed an orb of fire
 62219 | Zot:5    | Received a gift from Okawaru
 62219 | Zot:5    | Gained mutation: You sometimes lose your temper in combat.
                  | [an orb of fire]
 62221 | Zot:5    | Killed an orb of fire
 62223 | Zot:5    | Noticed a dread lich
 62223 | Zot:5    | Noticed an ancient lich
 62227 | Zot:5    | Killed an ancient lich
 62397 | Zot:4    | Lost mutation: Your magical capacity is low. (-10% MP)
                  | [potion of mutation]
 62397 | Zot:4    | Lost mutation: Your spells are easier to cast, but less
                  | powerful. [potion of mutation]
 62397 | Zot:4    | Lost mutation: You are dopey. (Int -2) [potion of mutation]
 62397 | Zot:4    | Gained mutation: You sometimes lose the ability to drink
                  | potions when taking damage. [potion of mutation]
 62397 | Zot:4    | Gained mutation: You are clumsy. (Dex -2) [potion of
                  | mutation]
 62397 | Zot:4    | Gained mutation: You expend magic power (3 MP) to
                  | strengthen your wands. [potion of mutation]
 62398 | Zot:4    | Lost mutation: Your spells are a little easier to cast, but
                  | a little less powerful. [potion of mutation]
 62398 | Zot:4    | Lost mutation: Your natural rate of healing is unusually
                  | fast. [potion of mutation]
 62398 | Zot:4    | Lost mutation: You sometimes lose the ability to drink
                  | potions when taking damage. [potion of mutation]
 62398 | Zot:4    | Gained mutation: You passively map a small area around you.
                  | [potion of mutation]
 62399 | Zot:4    | Lost mutation: Armour fits poorly on your strangely shaped
                  | body. [potion of mutation]
 62399 | Zot:4    | Lost mutation: You passively map a small area around you.
                  | [potion of mutation]
 62399 | Zot:4    | Lost mutation: You are clumsy. (Dex -2) [potion of
                  | mutation]
 62399 | Zot:4    | Gained mutation: Your spells are a little easier to cast,
                  | but a little less powerful. [potion of mutation]
 62399 | Zot:4    | Gained mutation: Your muscles are strong. (Str +4, Int/Dex
                  | -1) [potion of mutation]
 62400 | Zot:4    | Lost mutation: You expend magic power (3 MP) to strengthen
                  | your wands. [potion of mutation]
 62400 | Zot:4    | Lost mutation: Your muscles are strong. (Str +4, Int/Dex
                  | -1) [potion of mutation]
 62400 | Zot:4    | Gained mutation: You have an increased reservoir of magic.
                  | (+10% MP) [potion of mutation]
 62401 | Zot:4    | Lost mutation: You sometimes lose your temper in combat.
                  | [potion of mutation]
 62401 | Zot:4    | Lost mutation: You occasionally lose the ability to drink
                  | potions when taking damage. [potion of mutation]
 62401 | Zot:4    | Lost mutation: Your spells are a little easier to cast, but
                  | a little less powerful. [potion of mutation]
 62401 | Zot:4    | Gained mutation: Your health recovers twice as slowly from
                  | being drained. [potion of mutation]
 62401 | Zot:4    | Gained mutation: Your mind is acute. (Int +4, Str/Dex -1)
                  | [potion of mutation]
 62405 | Zot:5    | Gained mutation: Your body sometimes deteriorates upon
                  | taking damage. [an orb of fire]
 62408 | Zot:5    | Gained mutation: Your flesh is cold resistant. (rC+) [an
                  | orb of fire]
 62420 | Zot:5    | Killed an orb of fire
 62421 | Zot:5    | Killed an orb of fire
 62427 | Zot:5    | Killed a dread lich
 62433 | Zot:5    | Reached skill level 27 in Fighting
 62471 | Zot:5    | Noticed an orb of fire
 62476 | Zot:5    | Killed an orb of fire
 62493 | Zot:5    | Received a gift from Okawaru
 62500 | Zot:5    | Gained mutation: You are clumsy. (Dex -2) [an orb of fire]
 62502 | Zot:5    | Noticed an orb of fire
 62506 | Zot:5    | Killed an orb of fire
 62523 | Zot:5    | Killed an orb of fire
 62524 | Zot:5    | Reached skill level 10 in Invocations
 62526 | Zot:5    | Noticed an orb of fire
 62530 | Zot:5    | Noticed a dread lich
 62535 | Zot:5    | Noticed a dread lich
 62540 | Zot:5    | Killed an ancient lich
 62541 | Zot:5    | Reached skill level 27 in Armour
 62547 | Zot:5    | Killed an orb of fire
 62554 | Zot:5    | Killed a dread lich
 62556 | Zot:5    | Killed a dread lich
 62880 | Zot:5    | Got the Orb of Zot
 62993 | Zot:1    | Identified the +2 buckler of Kebrasy {Fly Regen+ Str+4}
 63228 | D:14     | Noticed Lapn the pandemonium lord
 63242 | D:14     | Killed Lapn the pandemonium lord
 63501 | D:$      | Escaped with the Orb!

Illustrated notes

Levels and vault maps discovered:
D:1:      evilmike_arrival_grusome_pit, layout_loops_ring,
          minmay_misc_feat_more_columns
D:2:      layout_basic, basic_altar, grunt_decor_arrowhead, serial_bayou_pond_a
D:3:      layout_loops_corners, gammafunk_ghost_grave, minmay_goblin_outpost,
          uniq_terence, uniq_grinder
D:4:      layout_basic, mainiacjoe_overflow_surrounded_room
D:5:      layout_layer_cave, uniq_prince_ribbit1
D:6:      layout_cave_pools, grunt_decor_clamped, minmay_chambers_of_fives
D:7:      cheibrodos_barr_body, layout_cave_pods, minmay_temple_entry_ruins,
          serial_shops, nicolae_shop_window_shopping
D:8:      layout_loops_ring, lair_entry_dummy, minivault_24, abandoned_shop,
          uniq_jeremiah, uniq_pikel, uniq_grum, uniq_maurice
D:9:      layout_basic, david_orc_2, enter_bailey_3
D:10:     layout_small_grid, jmf_multi_god_temple2, serial_shops,
          nicolae_shop_tiny_glass, uniq_erica, uniq_fannar
D:11:     minmay_tri_box, layout_stronghold, chequers_serial_rivers_room_b,
          uniq_psyche, uniq_harold
D:12:     layout_basic, nicolae_qazlal_eye_of_the_storm, uniq_gastronok
D:13:     layout_layer_cave, grunt_vaults_entry_fortified, serial_shops, shop,
          minmay_guarded_unrand_staff_of_olgreb
D:14:     layout_big_octagon, moated_statue, minmay_misc_feat_alley
D:15:     grunt_enter_depths_hoard, layout_rooms, hangedman_decor_peaks_small
Temple:   hellmonk_temple_divided_pantheon
Lair:1:   layout_hall_layers, enter_volcano_4, basic_altar,
          infiniplex_staircase_pool, grunt_megastairs_4
Lair:2:   layout_hall_layers, nicolae_spider_entry_lesser_pyramids,
          gauntlet_entry_generic
Lair:3:   layout_loops_ring, minmay_shoals_entry_hut, cheibrodos_lair_lostbears
Lair:4:   layout_cave_pods, grunt_megastairs_2
Lair:5:   wormcave, layout_gridlike, guppyfry_lair_end_dragon,
          minmay_slime_entry_oklob_enclosed, nicolae_quartered_pool_super
Shoals:1: layout_shoals, uniq_nikola
Shoals:2: layout_shoals, portal_ice_cave_entry_pillars_three,
          serial_nicolae_subway, nicolae_sub_station_stone,
          nicolae_sub_station_crystal, nicolae_sub_station_metal
Shoals:3: cheibrodos_shoals_baths, layout_shoals
Shoals:4: shoals_end_hellmonk_holy_island, uniq_polyphemus
Spider:1: layout_cave_pods, uniq_agnes, uniq_aizul
Spider:2: layout_spider_delve, special_room [special_room_bee],
          einodemon_crawler_minivault
Spider:3: layout_spider_delve, guppyfry_spider_mini_2
Spider:4: johnstein_spider_rune_arachne_lair, hive_lemuel
Slime:1:  layout_caves
Slime:2:  layout_caves, cheibrodos_slime_lost_civilization_7
Slime:3:  layout_caves
Slime:4:  layout_caves
Slime:5:  slime_pit_nicolae_block_by_block
Orc:1:    layout_caves, nicolae_orc_damp_corner
Orc:2:    st_orc_pillars, layout_diamond_mine, serial_shops,
          nicolae_shop_just_a_little_nook, uniq_donald, uniq_jorgrun,
          uniq_erolcha
Elf:1:    eino_elf_arrival_the_gate, layout_loops_cross, special_room
          [special_room_mythical_zoo], nicolae_elf_crossing_hall
Elf:2:    elven_hall_of_blades_hangedman_alternative [nicolae_blade_tridents],
          layout_loops_corners, serial_shops, nicolae_shop_gaudy_bauble,
          minmay_shop_grove, uniq_roxanne
Elf:3:    minmay_elf_hall, layout_rooms, serial_shops, nicolae_shop_hallway_plus
Vaults:1: nicolae_vaults_rhombus_6, nicolae_vaults_arrows,
          vaults_room_glass_cross, v_misc_5, nicolae_vaults_border_crossing,
          layout_vaults_omnigrid
Vaults:2: minmay_crypt_entry_necro_gods, v_misc_19,
          nicolae_vaults_crenellated_ambush, v_misc_27, grunt_vaults_trifunnel,
          v_pattern_5, nicolae_vaults_trapezoid_lopsided_3,
          nicolae_vaults_taking_the_gang_shopping,
          vaults_standard_mumra_enter_the_diamond, layout_vaults_big_room,
          serial_shops, nicolae_shop_hallway_plus, nicolae_shop_peninsula, shop,
          shop, uniq_frederick, uniq_margery
Vaults:3: v_misc_24, nicolae_vaults_puzzle_piece, hangedman_vaults_cutoff,
          vaults_dpeg_ring, nicolae_vaults_oozy_zoo, v_pattern_1,
          grunt_vaults_bifocal, v_misc_26, nicolae_vaults_little_ls,
          ontoclasm_vaults_twist, nicolae_vaults_diagonal_hallway_8,
          nicolae_vaults_rhombus_7, nicolae_vaults_tetromino_L_1,
          nicolae_vaults_what_the_h, ontoclasm_vaults_loading_screen,
          layout_vaults_big_cross
Vaults:4: nicolae_vaults_little_squares_4, hangedman_vaults_variations,
          vaults_mumra_chevron_long, vaults_dpeg_cross, v_misc_8,
          hangedman_vaults_snaps, nicolae_vaults_weapon_check,
          nicolae_vaults_house_1, ontoclasm_vaults_gateway,
          nicolae_vaults_swerve, nicolae_vaults_closet_pinwheel_1,
          nicolae_vaults_closet_pinwheel_4, layout_vaults_maze_bifur
Vaults:5: uniq_bai_suzhen
Crypt:1:  layout_chaotic_city, grunt_megastairs_3
Crypt:2:  minmay_skeleton_keep, layout_basic, minivault_19, st_stairs_9
Crypt:3:  due_elkab, layout_chaotic_city, nicolae_tomb_entry_grand_gallery,
          uniq_josephina
Depths:1: layout_honeycomb, nicolae_ru_awakened_eye, serial_shops, shop,
          grunt_hell_entry_dis_mu, abyss_entry, kilobyte_rumbling_trees,
          uniq_sojobo
Depths:2: impenetrable_vault, layout_long_grid, serial_bayou_pond_b,
          hellmouth_1, rand_demon_pan_entry_7, abyss_entry, uniq_asterion
Depths:3: minmay_isolated_rectangles_in_corner, layout_basic, enter_ziggurat_c,
          rand_demon_pan_entry_8, hell_entry, abyss_entry_small_statue_room,
          minmay_staircase_windowed_large
Depths:4: evilmike_zot_entry_argh, layout_gridville,
          hangedman_tar_grid_catacomb, serial_shops, shop,
          nemelex_spade_bored_becter, serial_sigils_hangedman_carve,
          hangedman_decor_points, minivault_16, grunt_ministairs_3
Zot:1:    grunt_twist_and_shout, layout_onion_interference,
          regret_index_zotdec_serpentine_coiled
Zot:2:    layout_onion_interference
Zot:3:    layout_misc_corridors, regret_index_zotdec_onion_hex,
          st_small_dragon_hoard_2
Zot:4:    layout_gridlike, st_large_dragon_hoard_4, uniq_parghit
Zot:5:    layout_basic

Skill      XL: |  1  2  3  4  5  6  7  8  9 10 11 12 13 14 15 16 17 18 19 20 21 22 23 24 25 26 27 |
---------------+----------------------------------------------------------------------------------+-----
Axes           | 4 5 6 7 8 10 11 13 14 15 16 17 18 19 20 21 22 23 24 25 26 27 | 27.0
Fighting       | 4 5 6 7 8 10 11 12 13 14 15 16 17 19 20 21 23 24 25 27 | 27.0
Armour         | 2 3 5 6 7 8 9 10 12 13 15 16 17 18 19 20 21 22 23 24 25 26 27 | 27.0
Shields        | 1 2 4 5 7 9 11 12 14 15 16 17 19 20 21 22 23 24 25 26 27 | 27.0
Dodging        | 1 2 3 4 5 6 7 8 9 10 11 12 13 | 13.6
Throwing       | 1 2 3 4 5 6 7 8 9 10 11 12 13 14 16 19 | 19.6
Stealth        | 1 2 3 |  3.2
Evocations     | 2 |  2.7
Maces & Flails | 1 2 5 |  5.9
Polearms       | 3 5 8 9 10 | 10.9
Invocations    | 1 5 7 9 11 | 11.1
Spellcasting   | |  1.1
Fire Magic     | |  2.6

Action                     |  1- 3 |  4- 6 |  7- 9 | 10-12 | 13-15 | 16-18 | 19-21 | 22-24 | 25-27 || total
---------------------------+-------+-------+-------+-------+-------+-------+-------+-------+-------++-------
  Melee: Hand axe          |    34 |       |       |       |       |       |       |       |       ||    34
         Punch             |     1 |       |       |       |       |       |       |       |       ||     1
         War axe           |    59 |   102 |   124 |       |       |       |       |       |       ||   285
         Headbutt          |     8 |    17 |    39 |   118 |   354 |   479 |   361 |   546 |   530 ||  2452
         Broad axe         |       |       |   132 |   663 |   957 |  1113 |   847 |  1254 |  1091 ||  6057
         Whip              |       |       |       |    52 |       |       |       |       |       ||    52
         Trident           |       |       |       |    74 |   746 |   520 |       |       |       ||  1340
         Flail             |       |       |       |       |       |   381 |       |       |       ||   381
         Spear             |       |       |       |       |       |    19 |    69 |       |       ||    88
  Throw: Boomerang         |     7 |    14 |    14 |    40 |   189 |   331 |   128 |    26 |    19 ||   768
         Stone             |    10 |    15 |    13 |    27 |    95 |    49 |       |       |       ||   209
         Dart              |       |       |    25 |    36 |    36 |   205 |    51 |     2 |       ||   355
         Javelin           |       |       |       |       |    15 |    10 |    49 |    82 |    37 ||   193
 Invoke: Rising Flame      |     1 |       |       |       |       |       |       |       |       ||     1
         Fiery Armour      |       |     1 |     2 |     3 |     3 |       |       |       |       ||     9
         Foxfire Swarm     |       |       |       |     1 |     2 |       |       |       |       ||     3
         Heroism           |       |       |       |       |    12 |    25 |    11 |    10 |    10 ||    68
         Receive Weapon    |       |       |       |       |       |     1 |       |       |       ||     1
         Receive Armour    |       |       |       |       |       |     1 |       |       |       ||     1
         Finesse           |       |       |       |       |       |       |     1 |     1 |     4 ||     6
  Evoke: Wand              |       |       |     3 |    22 |    22 |    17 |       |       |     2 ||    66
         Condenser vane    |       |       |       |       |       |       |     1 |       |       ||     1
    Use: Scroll            |     2 |       |     6 |     9 |    24 |    14 |     9 |     5 |    24 ||    93
         Potion            |       |       |       |     2 |     5 |    18 |     3 |     1 |    13 ||    42
   Stab: Paralysed         |       |       |     3 |       |       |       |       |       |       ||     3
         Invisible         |       |       |       |       |       |     2 |     1 |       |       ||     3
         Petrified         |       |       |       |       |       |     3 |       |       |       ||     3
 Armour: Robe              |    10 |       |       |       |       |       |       |       |       ||    10
         Scale mail        |    81 |   125 |   134 |    78 |       |       |       |       |       ||   418
         Chain mail        |       |       |   116 |   291 |       |       |       |       |       ||   407
         Acid dragon scale |       |       |       |   100 |       |       |       |       |       ||   100
         Plate armour      |       |       |       |   174 |  1160 |  1372 |       |       |       ||  2706
         Ice dragon scales |       |       |       |       |       |   568 |   552 |   532 |   543 ||  2195
  Dodge: Dodged            |    36 |    39 |    68 |   199 |   301 |   606 |   232 |   214 |   267 ||  1962
  Block: Tower shield      |    49 |    61 |   185 |   660 |   849 |       |       |   397 |  1463 ||  3664
         Kite shield       |       |       |       |       |   559 |  2098 |   925 |   842 |       ||  4424
         Reflection        |       |       |       |       |    66 |    94 |    91 |    44 |    27 ||   322
Riposte: Broad axe         |       |       |       |       |       |    21 |   308 |   395 |   518 ||  1242
         Spear             |       |       |       |       |       |       |    24 |       |       ||    24
